| TOP OF THE 1ST |
|
Great Lakes Loons batting - Pitching for West Virginia Power : RHP Fred McIlrath
|
|
Pitching: RHP Fred McIlrath
|
|
|
Batting: RHB Jason Baldwin
|
0-0: Called Strike 0-1: Ball 1-1: SINGLE (Groundball, 6D, EV 98.1 MPH)
|
|
Batting: LHB Tore Bosch
|
0-0: Ball Jason Baldwin steals 2nd base 1-0: SINGLE (Groundball, 34D, EV 100.0 MPH) Jason Baldwin to third
|
|
Batting: LHB Jesus Ramirez
|
0-0: Ball Tore Bosch is caught stealing 2nd base 2-6 1-0: Swinging Strike 1-1: Swinging Strike 1-2: SINGLE (Groundball, 56D, EV 108.8 MPH) Jason Baldwin scores
|
|
Batting: SHB Xavier Alaniz
|
0-0: Swinging Strike 0-1: Ball 1-1: Foul Ball, location: 2F 1-2: Ball 2-2: Foul Ball, location: 2F 2-2: Fly out, F8 (Line Drive, 8LM, EV 85.0 MPH)
|
|
Batting: RHB Javier Solis
|
0-0: Ball 1-0: Ball 2-0: Called Strike 2-1: Ball 3-1: Foul Ball, location: 2F 3-2: Foul Ball, location: 2F 3-2: Foul Ball, location: 2F 3-2: Foul Ball, location: 2F 3-2: Ground out 6-3 (Groundball, 6MD, EV 90.0 MPH)
|
| Top of the 1st over - 1 run, 3 hits, 0 errors, 1 left on base; Great Lakes 1 - West Virginia 0 |
| BOTTOM OF THE 1ST |
|
West Virginia Power batting - Pitching for Great Lakes Loons : RHP Bob Lattin
|
|
Pitching: RHP Bob Lattin
|
|
|
Batting: RHB Ken Manser
|
0-0: Called Strike 0-1: Called Strike 0-2: Strikes out looking
|
|
Batting: LHB Donald Imre
|
0-0: Ball 1-0: Ball 2-0: Foul Ball, location: 2F 2-1: Ball 3-1: Ground out 4-3 (Groundball, 4, EV 81.2 MPH)
|
|
Batting: LHB Carlos Vega
|
0-0: Ball 1-0: Foul Ball, location: 2F 1-1: Foul Ball, location: 2F 1-2: Ball 2-2: Ball 3-2: Foul Ball, location: 2F 3-2: Ground out 1-3 (Groundball, 15S, EV 65.0 MPH)
|
| Bottom of the 1st over - 0 runs, 0 hits, 0 errors, 0 left on base; Great Lakes 1 - West Virginia 0 |
| TOP OF THE 2ND |
|
Great Lakes Loons batting - Pitching for West Virginia Power : RHP Fred McIlrath
|
|
Batting: LHB Jim Jardine
|
0-0: SINGLE (Groundball, 3D, EV 107.5 MPH)
|
|
Batting: RHB Steve Clark
|
0-0: Foul Ball, location: 2F 0-1: Ground out 4-3 (Groundball, 34S, EV 80.6 MPH) Jim Jardine to second
|
|
Batting: RHB Ruben Serrata
|
0-0: Ball 1-0: Ball 2-0: Called Strike 2-1: Ball 3-1: Foul Ball, location: 2F 3-2: Foul Ball, location: 2F 3-2: Hit by Pitch
|
|
Batting: RHB Trevor Conklin
|
0-0: Called Strike 0-1: Foul Ball, location: 2F 0-2: Foul Ball, location: 2F 0-2: Ball 1-2: Ball 2-2: Foul Ball, location: 2F 2-2: Grounds into double play, 5-4-3 (Groundball, 56S, EV 86.9 MPH)
|
| Top of the 2nd over - 0 runs, 1 hit, 0 errors, 1 left on base; Great Lakes 1 - West Virginia 0 |
| BOTTOM OF THE 2ND |
|
West Virginia Power batting - Pitching for Great Lakes Loons : RHP Bob Lattin
|
|
Batting: LHB Gregg Kellerman
|
0-0: Ground out U3 (Groundball, 34S, EV 81.2 MPH)
|
|
Batting: RHB Jeff Edwards
|
0-0: Ball 1-0: Ball 2-0: Ball 3-0: Called Strike 3-1: Called Strike 3-2: Fly out, F7 (Flyball, 7, EV 88.8 MPH)
|
|
Batting: LHB Joe Wise
|
0-0: Foul Ball, location: 2F 0-1: Fly out, F7 (Flyball, 7D, EV 86.9 MPH)
|
| Bottom of the 2nd over - 0 runs, 0 hits, 0 errors, 0 left on base; Great Lakes 1 - West Virginia 0 |
| TOP OF THE 3RD |
|
Great Lakes Loons batting - Pitching for West Virginia Power : RHP Fred McIlrath
|
|
Batting: RHB Jason Baldwin
|
0-0: Ball 1-0: Called Strike 1-1: Foul Ball, location: 2F 1-2: SINGLE (Flyball, 7LS, EV 93.1 MPH)
|
|
Batting: LHB Tore Bosch
|
0-0: Called Strike 0-1: Ball 1-1: Foul Ball, location: 2F 1-2: SINGLE (Groundball, 56D, EV 95.6 MPH) Jason Baldwin to second
|
|
Batting: LHB Jesus Ramirez
|
0-0: Ball 1-0: DOUBLE (Line Drive, 7LS, EV 106.9 MPH) Jason Baldwin scores Tore Bosch to third
|
|
Batting: SHB Xavier Alaniz
|
0-0: Called Strike 0-1: Ball 1-1: Swinging Strike 1-2: Ground out U3 (Groundball, 23, EV 81.2 MPH)
|
|
Batting: RHB Javier Solis
|
0-0: Ball 1-0: Reached on error, E5 (Groundball, 5S, EV 76.2 MPH) Tore Bosch scores Jesus Ramirez scores
|
|
Batting: LHB Jim Jardine
|
0-0: Called Strike 0-1: Foul Ball, location: 2F 0-2: Ball Wild Pitch! Javier Solis to third 1-2: Ground out 3-1 (Groundball, 34S, EV 81.9 MPH) Javier Solis scores
|
|
Batting: RHB Steve Clark
|
0-0: Foul Ball, location: 2F 0-1: Ball 1-1: Ball 2-1: Fly out, F4 (Popup, 23, EV 90.0 MPH)
|
| Top of the 3rd over - 4 runs, 3 hits, 1 error, 0 left on base; Great Lakes 5 - West Virginia 0 |
| BOTTOM OF THE 3RD |
|
West Virginia Power batting - Pitching for Great Lakes Loons : RHP Bob Lattin
|
|
Batting: LHB Tomohiro Yokoyama
|
0-0: Called Strike 0-1: Fly out, F7 (Flyball, 7S, EV 89.4 MPH)
|
|
Batting: LHB Brandon Sarni
|
0-0: Ball 1-0: Swinging Strike 1-1: Ball 2-1: Foul Ball, location: 2F 2-2: Fly out, F7 (Flyball, 7D, EV 88.8 MPH)
|
|
Batting: RHB Rick Pittman
|
0-0: Swinging Strike 0-1: Swinging Strike 0-2: Ball 1-2: Ground out 4-3 (Groundball, 4, EV 76.9 MPH)
|
| Bottom of the 3rd over - 0 runs, 0 hits, 0 errors, 0 left on base; Great Lakes 5 - West Virginia 0 |
| TOP OF THE 4TH |
|
Great Lakes Loons batting - Pitching for West Virginia Power : RHP Fred McIlrath
|
|
Batting: RHB Ruben Serrata
|
0-0: Called Strike 0-1: Ball 1-1: Ball 2-1: Ball 3-1: Foul Ball, location: 2F 3-2: Foul Ball, location: 2F 3-2: Fly out, F5 (Popup, 5SF, EV 64.4 MPH)
|
|
Batting: RHB Trevor Conklin
|
0-0: Ball 1-0: Ball 2-0: Foul Ball, location: 2F 2-1: Swinging Strike 2-2: Strikes out swinging
|
|
Batting: RHB Jason Baldwin
|
0-0: Ball 1-0: Ball 2-0: Ground out 4-3 (Groundball, 4, EV 106.9 MPH)
|
| Top of the 4th over - 0 runs, 0 hits, 0 errors, 0 left on base; Great Lakes 5 - West Virginia 0 |
| BOTTOM OF THE 4TH |
|
West Virginia Power batting - Pitching for Great Lakes Loons : RHP Bob Lattin
|
|
Batting: RHB Ken Manser
|
0-0: Swinging Strike 0-1: Swinging Strike 0-2: Strikes out swinging
|
|
Batting: LHB Donald Imre
|
0-0: Called Strike 0-1: Ball 1-1: Ball 2-1: Foul Ball, location: 2F 2-2: Fly out, F9 (Flyball, 89S, EV 93.8 MPH)
|
|
Batting: LHB Carlos Vega
|
0-0: Ground out 5-3 (Groundball, 56, EV 88.8 MPH)
|
| Bottom of the 4th over - 0 runs, 0 hits, 0 errors, 0 left on base; Great Lakes 5 - West Virginia 0 |
| TOP OF THE 5TH |
|
Great Lakes Loons batting - Pitching for West Virginia Power : RHP Fred McIlrath
|
|
Batting: LHB Tore Bosch
|
0-0: Called Strike 0-1: Ground out U3 (Groundball, 34S, EV 88.1 MPH)
|
|
Batting: LHB Jesus Ramirez
|
0-0: Ball 1-0: Fly out, F6 (Popup, 6MS, EV 62.5 MPH)
|
|
Batting: SHB Xavier Alaniz
|
0-0: Reached on error, E5 (Groundball, 56, EV 96.9 MPH)
|
|
Batting: RHB Javier Solis
|
0-0: SINGLE (Flyball, 34D, EV 92.5 MPH) Xavier Alaniz to second
|
|
Pitching: RHP Adam Monge
|
|
|
Batting: LHB Jim Jardine
|
0-0: Called Strike 0-1: Ball 1-1: Ground out 6-3 (Groundball, 6MS, EV 77.5 MPH)
|
| Top of the 5th over - 0 runs, 1 hit, 1 error, 2 left on base; Great Lakes 5 - West Virginia 0 |
| BOTTOM OF THE 5TH |
|
West Virginia Power batting - Pitching for Great Lakes Loons : RHP Bob Lattin
|
|
Batting: LHB Gregg Kellerman
|
0-0: Ball 1-0: Foul Ball, location: 2F 1-1: Swinging Strike 1-2: Strikes out swinging
|
|
Batting: RHB Jeff Edwards
|
0-0: Ball 1-0: Foul Ball, location: 2F 1-1: Fly out, F8 (Flyball, 8RXD, EV 108.8 MPH)
|
|
Batting: LHB Joe Wise
|
0-0: Called Strike 0-1: Foul Ball, location: 2F 0-2: Strikes out swinging
|
| Bottom of the 5th over - 0 runs, 0 hits, 0 errors, 0 left on base; Great Lakes 5 - West Virginia 0 |
| TOP OF THE 6TH |
|
Great Lakes Loons batting - Pitching for West Virginia Power : RHP Adam Monge
|
|
Batting: RHB Steve Clark
|
0-0: Called Strike 0-1: Foul Ball, location: 2F 0-2: Ball 1-2: Ball 2-2: Foul Ball, location: 2F 2-2: Fly out, F8 (Flyball, 89XD, EV 81.9 MPH)
|
|
Batting: RHB Ruben Serrata
|
0-0: Foul Ball, location: 2F 0-1: Foul Ball, location: 2F 0-2: Ball 1-2: Strikes out swinging
|
|
Batting: RHB Trevor Conklin
|
0-0: Called Strike 0-1: Swinging Strike 0-2: Ball 1-2: Strikes out swinging
|
| Top of the 6th over - 0 runs, 0 hits, 0 errors, 0 left on base; Great Lakes 5 - West Virginia 0 |
| BOTTOM OF THE 6TH |
|
West Virginia Power batting - Pitching for Great Lakes Loons : RHP Bob Lattin
|
|
Batting: LHB Tomohiro Yokoyama
|
0-0: Swinging Strike 0-1: Ball 1-1: Ball 2-1: Ball 3-1: Called Strike 3-2: Base on Balls
|
|
Batting: LHB Brandon Sarni
|
0-0: Ball 1-0: DOUBLE (Line Drive, 89D, EV 105.0 MPH) Tomohiro Yokoyama to third
|
|
Batting: RHB Rick Pittman
|
0-0: Ball 1-0: Called Strike 1-1: Swinging Strike 1-2: Foul Ball, location: 2F 1-2: Ground out 6-3 (Groundball, 6, EV 93.1 MPH) Tomohiro Yokoyama scores Brandon Sarni to third
|
|
Batting: RHB Ken Manser
|
0-0: Ball 1-0: Foul Ball, location: 2F 1-1: Called Strike 1-2: SINGLE (Line Drive, 89S, EV 110.0 MPH) Brandon Sarni scores
|
|
Batting: LHB Donald Imre
|
0-0: Foul Ball, location: 2F 0-1: Ball Ken Manser steals 2nd base 1-1: Ground out 4-3 (Groundball, 4, EV 85.0 MPH) Ken Manser to third
|
|
Batting: LHB Carlos Vega
|
0-0: Called Strike 0-1: SINGLE (Groundball, 34D, EV 106.2 MPH) Ken Manser scores
|
|
Batting: LHB Gregg Kellerman
|
0-0: Ball 1-0: Fly out, F8 (Flyball, 8RM, EV 78.1 MPH)
|
| Bottom of the 6th over - 3 runs, 3 hits, 0 errors, 1 left on base; Great Lakes 5 - West Virginia 3 |
| TOP OF THE 7TH |
|
Great Lakes Loons batting - Pitching for West Virginia Power : RHP Adam Monge
|
|
Batting: RHB Jason Baldwin
|
0-0: Ball 1-0: Called Strike 1-1: Ball 2-1: Fly out, F5 (Line Drive, 5, EV 65.0 MPH)
|
|
Batting: LHB Tore Bosch
|
0-0: Ground out 4-3 (Groundball, 4, EV 80.0 MPH)
|
|
Batting: LHB Jesus Ramirez
|
0-0: Foul Ball, location: 2F 0-1: Ball 1-1: SINGLE (Flyball, 56D, EV 93.1 MPH)
|
|
Batting: SHB Xavier Alaniz
|
0-0: Ground out 4-3 (Groundball, 4, EV 105.6 MPH)
|
| Top of the 7th over - 0 runs, 1 hit, 0 errors, 1 left on base; Great Lakes 5 - West Virginia 3 |
| BOTTOM OF THE 7TH |
|
West Virginia Power batting - Pitching for Great Lakes Loons : RHP Bob Lattin
|
|
Batting: RHB Jeff Edwards
|
0-0: Ball 1-0: Called Strike 1-1: Ball 2-1: Foul Ball, location: 2F 2-2: Ball 3-2: Reached on error, E5 (Groundball, 5, EV 80.6 MPH)
|
|
Batting: LHB Joe Wise
|
0-0: Called Strike 0-1: Swinging Strike 0-2: Ball 1-2: Ball 2-2: Foul Ball, location: 2F 2-2: Ball 3-2: Foul Ball, location: 2F 3-2: Strikes out swinging
|
|
Batting: LHB Tomohiro Yokoyama
|
0-0: Ball 1-0: Ball 2-0: Called Strike 2-1: Ball 3-1: Called Strike 3-2: Base on Balls Jeff Edwards to second
|
|
Batting: LHB Brandon Sarni
|
0-0: Foul Ball, location: 2F 0-1: Swinging Strike 0-2: Ball 1-2: Foul Ball, location: 2F 1-2: Fly out, F9 (Flyball, 89D, EV 101.9 MPH)
|
|
Batting: RHB Rick Pittman
|
0-0: Ground out 5-3 (Groundball, 56S, EV 62.5 MPH)
|
| Bottom of the 7th over - 0 runs, 0 hits, 1 error, 2 left on base; Great Lakes 5 - West Virginia 3 |
| TOP OF THE 8TH |
|
Great Lakes Loons batting - Pitching for West Virginia Power : RHP Adam Monge
|
|
Pitching: RHP Jeff Crescimanno
|
|
|
Batting: RHB Javier Solis
|
0-0: Ball 1-0: Called Strike 1-1: Foul Ball, location: 2F 1-2: Ball 2-2: Foul Ball, location: 2F 2-2: Strikes out looking
|
|
Batting: LHB Jim Jardine
|
0-0: Ball 1-0: Swinging Strike 1-1: Swinging Strike 1-2: Strikes out swinging
|
|
Batting: RHB Steve Clark
|
0-0: Ball 1-0: Ball 2-0: Ball 3-0: Base on Balls
|
|
Batting: RHB Ruben Serrata
|
0-0: Swinging Strike 0-1: Ball 1-1: Ball 2-1: Foul Ball, location: 2F 2-2: Ball 3-2: Foul Ball, location: 2F 3-2: Strikes out swinging
|
| Top of the 8th over - 0 runs, 0 hits, 0 errors, 1 left on base; Great Lakes 5 - West Virginia 3 |
| BOTTOM OF THE 8TH |
|
West Virginia Power batting - Pitching for Great Lakes Loons : RHP Bob Lattin
|
|
Now in LF: Justin Curran
|
|
|
Batting: RHB Ken Manser
|
0-0: Ball 1-0: Foul Ball, location: 2F 1-1: Foul Ball, location: 2F 1-2: Foul Ball, location: 2F 1-2: Foul Ball, location: 2F 1-2: SINGLE (Groundball, 34D, EV 103.8 MPH)
|
|
Pitching: RHP Matt Hager
|
|
|
Batting: LHB Donald Imre
|
0-0: Ball 1-0: Foul Ball, location: 2F 1-1: Ball Wild Pitch! Ken Manser to second 2-1: Called Strike 2-2: Ground out 6-3 (Groundball, 6, EV 96.9 MPH)
|
|
Batting: LHB Carlos Vega
|
0-0: Ball 1-0: Foul Ball, location: 2F 1-1: Foul Ball, location: 2F 1-2: Strikes out swinging
|
|
Pitching: LHP Ben Moore
|
|
|
Pinch Hitting: RHB Chris McCoy
|
0-0: Ball 1-0: Called Strike 1-1: DOUBLE (Groundball, 5L, EV 105.6 MPH) Ken Manser scores
|
|
Batting: RHB Jeff Edwards
|
0-0: Swinging Strike 0-1: Ball 1-1: Ball 2-1: Foul Ball, location: 2F 2-2: Ball 3-2: Strikes out looking
|
| Bottom of the 8th over - 1 run, 2 hits, 0 errors, 1 left on base; Great Lakes 5 - West Virginia 4 |
| TOP OF THE 9TH |
|
Great Lakes Loons batting - Pitching for West Virginia Power : RHP Jeff Crescimanno
|
|
Pitching: RHP Nelson Villalva
|
|
|
Now at 1B: Nick Wilkins
|
|
|
Batting: RHB Trevor Conklin
|
0-0: Swinging Strike 0-1: Called Strike 0-2: Strikes out swinging, 2-3 out at first.
|
|
Batting: RHB Jason Baldwin
|
0-0: Foul Ball, location: 2F 0-1: Ball 1-1: Foul Ball, location: 2F 1-2: Ball 2-2: Strikes out swinging
|
|
Batting: LHB Tore Bosch
|
0-0: Ball 1-0: Foul Ball, location: 2F 1-1: Called Strike 1-2: Foul Ball, location: 2F 1-2: Strikes out swinging
|
| Top of the 9th over - 0 runs, 0 hits, 0 errors, 0 left on base; Great Lakes 5 - West Virginia 4 |
| BOTTOM OF THE 9TH |
|
West Virginia Power batting - Pitching for Great Lakes Loons : LHP Ben Moore
|
|
Pitching: RHP Adonis Loyd
|
|
|
Batting: LHB Joe Wise
|
0-0: Called Strike 0-1: Foul Ball, location: 2F 0-2: Strikes out looking
|
|
Batting: LHB Tomohiro Yokoyama
|
0-0: Ground out 4-3 (Groundball, 4, EV 88.8 MPH)
|
|
Batting: LHB Brandon Sarni
|
0-0: Swinging Strike 0-1: Swinging Strike 0-2: Strikes out swinging
|
| Bottom of the 9th over - 0 runs, 0 hits, 0 errors, 0 left on base; Great Lakes 5 - West Virginia 4 |
|